 Dungeon Crawl Stone Soup version 0.30-a0-949-g53dc5368d7 (webtiles) character file.

Game seed: 6302286281856445487

89 sanka the Insei (level 4, 0/40 HPs)
             Began as a Draconian Monk on Mar 27, 2023.
             Splashed by a jelly's acid (7 damage)
             ... on level 4 of the Dungeon.
             The game lasted 00:04:27 (2773 turns).

sanka the Insei (Draconian Monk)                    Turns: 2773, Time: 00:04:28

Health: 0/40       AC: -7    Str: 13    XL:     4   Next: 31%
Magic:  13/13      EV: 13    Int: 11    God:
Gold:   59         SH:  5    Dex: 15    Spells: 3/3 levels left

rFire   . . .      SeeInvis .    g - +0 triple sword
rCold   . . .      Faith    .    (shield currently unavailable)
rNeg    . . .      Spirit   .    (body armour unavailable)
rPois   .          Reflect  +    (helmet restricted)
rElec   .          Rampage  .    (no cloak)
rCorr   .                        (no gloves)
Will    .....                    (no boots)
Stlth   ++                       o - amulet of reflection
HPRegen 0.26/turn                (no ring)
MPRegen 0.13/turn                l - ring of magical power

@: corroded
A: AC +5, unfitting armour, cold-blooded
a: no special abilities


You were on level 4 of the Dungeon.
You visited 1 branch of the dungeon, and saw 4 of its levels.

You collected 136 gold pieces.
You spent 77 gold pieces at shops.


Innate Abilities, Weirdness & Mutations

Your plain brown scales are hard. (AC +5)
You cannot fit into any form of body armour.
You are cold-blooded and may be slowed by cold attacks.


   Skills:
 + Level 3.7 Fighting
 - Level 0.4 Long Blades
 + Level 3.0 Dodging
 - Level 1.7 Stealth
 + Level 4.5 Unarmed Combat


You had 3 spell levels left.
You didn't know any spells.
Your spell library contained the following spells:

 Spells                   Type           Power      Damage    Failure   Level
 Sting                    Tmut/Pois      0%         1d3       34%         1
 Poisonous Vapours        Pois/Air       0%         N/A       47%         2
 Olgreb's Toxic Radiance  Pois           0%         N/A       98%         4
 Summon Lightning Spire   Summ/Air       0%         N/A       98%         4
 Storm Form               Tmut/Air       0%         N/A       100%        7
 Maxwell's Capacitive Co  Air            0%         ∞         100%        8

Inventory:

Hand Weapons
 g - a +0 triple sword (weapon)
Jewellery
 l - a ring of magical power (right hand)
 o - an amulet of reflection (around neck)
 r - the amulet "Juyves" {Spirit -Cast +Blink rElec rC- Dex+7}

   [amulet of guardian spirit]

   It causes incoming damage to be divided between your reserves of health and
   magic.
   Dex:       It affects your dexterity (+7).
   rC:        It makes you vulnerable to cold.
   rElec:     It insulates you from electricity.
   +Blink:    It lets you blink.
   -Cast:     It prevents spellcasting.
Scrolls
 b - a scroll of magic mapping {unknown}
 c - a scroll of teleportation {unknown}
 d - 2 scrolls of identify {unknown}
 h - a scroll of enchant weapon {unknown}
 k - 2 scrolls of fear {unknown}
 m - 2 scrolls of immolation {unknown}
 p - a scroll of noise {unknown}
 q - a scroll of blinking {unknown}
Potions
 a - 4 potions of ambrosia
 e - 2 potions of mutation {unknown}
 f - a potion of brilliance {unknown}
 i - a potion of attraction {unknown}
 j - 3 potions of might
 n - a potion of curing {@q1}
 s - a potion of cancellation {unknown}

Dungeon Overview and Level Annotations

Branches:
Dungeon (4/15)
 Temple: D:4-7

Altars:
Gozag

Shops:
D:3 [[!!(

▒.▒ ▒.▒ ▒.▒ ▒▒▒▒▒▒
▒.▒ ▒+▒ ▒....▒▒▒▒.▒▒▒
▒..▒▒▒.....)...<.▒
▒....▒.....▒▒▒.▒▒▒▒▒▒
▒..J£▒.▒▒▒.▒ ▒.▒▒...▒
♣d▒.▒ ▒.▒ ▒▒▒.....
▒.▒▒'▒.▒ ▒.▒▒▒▒......
▒......▒▒▒....▒..._..
▒▒▒........▒.▒▒.....†
▒.....▒▒.▒.▒▒▒.....
▒......▒.▒...▒▒...▒
▒......▒.▒▒▒..▒▒.▒▒
▒▒▒....▒.▒ ▒▒....▒
▒......▒ ▒▒▒▒▒▒


You could see a jelly.


Message History

There is an open door here.
The jelly closely misses you.
You hit the jelly.
Your hands burn!
The jelly is moderately wounded.
The jelly hits you but does no damage. The jelly hits you but does no damage.
You hit the jelly. The acid corrodes you!
Your hands burn!
The jelly is heavily wounded.
The jelly hits you. The acid corrodes you!
You are splashed with acid!
The jelly hits you.
You are splashed with acid.
* * * LOW HITPOINT WARNING * * *
You hit the jelly. The acid corrodes you!
Your hands burn!
* * * LOW HITPOINT WARNING * * *
The jelly is severely wounded.
The jelly hits you.
* * * LOW HITPOINT WARNING * * *
You are splashed with acid!
* * * LOW HITPOINT WARNING * * *
The jelly hits you.
* * * LOW HITPOINT WARNING * * *
You are splashed with acid!
You die...

Action                     |  1- 3 |  4- 6 || total
---------------------------+-------+-------++-------
  Melee: Unarmed           |    72 |       ||    72
         Tailslap          |    16 |     3 ||    19
         Punch             |     2 |       ||     2
         Triple sword      |    42 |    35 ||    77
   Stab: Sleeping          |     5 |     4 ||     9
 Armour: Skin              |    30 |    12 ||    42
  Dodge: Dodged            |    72 |    29 ||   101
  Block: Other             |     1 |     5 ||     6

Levels and vault maps discovered:
D:1:      scummos_arrival_simple_fountains, layout_basic
D:2:      layout_basic, minmay_split_cup_small
D:3:      layout_loops_corners, serial_shops, shop, shop, shop, shop,
          nicolae_shop_hallway_plus, kennysheep_minor_cross
D:4:      minmay_diamond_boxcup, layout_basic, lemuel_round_altar, slow_altar_2,
          minivault_25, minmay_misc_feat_five, kennysheep_nondescript,
          serial_bayou_pond_e, guppyfry_shop_venom

Notes
Turn   | Place    | Note
-------+----------+-------------------------------------------
     0 | D:1      | sanka the Draconian Monk began the quest for the Orb.
     0 | D:1      | Reached XP level 1. HP: 19/19 MP: 1/1
   115 | D:1      | Reached XP level 2. HP: 26/26 MP: 2/2
   511 | D:1      | Reached skill level 4 in Unarmed Combat
  1050 | D:2      | Reached XP level 3. HP: 31/31 MP: 3/3
  1676 | D:3      | Found Nosichav's Distillery.
  1687 | D:3      | Bought a potion of curing for 33 gold pieces
  1687 | D:3      | Bought a potion of might for 44 gold pieces
  1698 | D:3      | Found Loubat's Distillery.
  1744 | D:3      | Reached XP level 4. HP: 36/39 MP: 4/4
  1801 | D:3      | Reached skill level 3 in Dodging
  2076 | D:3      | Found Domnopef's Antique Armour Shoppe.
  2099 | D:3      | Identified the amulet "Juyves" {Spirit -Cast +Blink rElec
                  | rC- Dex+7}
  2148 | D:3      | Found Haruaniyram's Armour Shoppe.
  2495 | D:3      | Found Emollug's Weapon Shop.
  2740 | D:4      | Found an opulent altar of Gozag.
  2773 | D:4      | Splashed by a jelly's acid

Vanquished Creatures
  2 adders
  A worm (D:2)
  2 dart slugs
  9 ball pythons
  6 endoplasms
  6 giant cockroaches
  6 goblins
  5 hobgoblins
  5 quokkas
  4 bats
  2 frilled lizards
  5 kobolds
  2 rats
55 creatures vanquished.
